 Dungeon Crawl Stone Soup version 0.30-b1-2-g02819fbbbe (webtiles) character file.

Game seed: 9263518693413728968

1 Mesmaeker13 the Conjurer (level 1, 0/17 HPs)
             Began as a Demigod Reaver on July 16, 2023.
             Slain by a kobold
             ... wielding a +0 club
              (3 damage)
             ... on level 1 of the Dungeon.
             The game lasted 00:00:15 (33 turns).

Mesmaeker13 the Conjurer (Demigod Reaver)             Turns: 33, Time: 00:00:16

Health: 0/17       AC:  3    Str: 13    XL:     1   Next: 13%
Magic:  5/5        EV: 11    Int: 15    God:
Gold:   0          SH:  0    Dex: 12    Spells: 2/3 levels left

rFire   . . .        a - +0 spear
rCold   . . .        (no shield)
rNeg    . . .        b - +0 leather armour
rPois   .            (no helmet)
rElec   .            (no cloak)
rCorr   .            (no gloves)
SInv    .            (no boots)
Will    .....        (no amulet)
Stlth   +            (no ring)
HPRegen 0.22/turn    (no ring)
MPRegen 0.09/turn

%: no passive effects
@: no status effects
A: high MP 1, forlorn, divine attributes
a: no special abilities


You were on level 1 of the Dungeon.
You visited 1 branch of the dungeon, and saw 1 of its levels.

Inventory:

Hand Weapons
 a - a +0 spear (weapon)
Armour
 b - a +0 leather armour (worn)
 c - a +0 ring mail
Scrolls
 d - a scroll of fog {unknown}


   Skills:
 + Level 1.8 Fighting
 - Level 2.6 Polearms
 + Level 1.8 Dodging
 + Level 1.8 Spellcasting
 + Level 2.7 Conjurations


You had 2 spell levels left.
You knew the following spells:

 Your Spells              Type           Power      Damage    Failure   Level
a - Kiss of Death         Conj/Necr      20%        2d7       17%         1

Your spell library contained the following spells:

 Spells                   Type           Power      Damage    Failure   Level
 Momentum Strike          Conj/Tloc      10%        3d8       26%         2
 Hailstorm                Conj/Ice       5%         3d4       45%         3


Dungeon Overview and Level Annotations

Branches:
Dungeon (1/15)


Innate Abilities, Weirdness & Mutations

You have an increased reservoir of magic. (+10% MP)
You shall have no god before yourself.
Your divine heritage dramatically boosts your attributes as you level up.


Message History

Press ? for a list of commands and other information.
Found a ring mail and a scroll labelled XAIMUS MOGUHI.
Found a staircase leading out of the dungeon.
You see here a +0 ring mail.
c - a +0 ring mail
d - a scroll labelled XAIMUS MOGUHI A kobold comes into view.
It is wielding a +0 club.
The kobold shouts!
A quokka comes into view.
You reach to attack!
You closely miss the kobold. You closely miss the kobold.
The kobold closely misses you.
You hit the quokka but do no damage. The quokka bites you.
The kobold hits you but does no damage.
You barely miss the quokka. The quokka bites you.
The kobold hits you but does no damage.
You barely miss the quokka. The quokka closely misses you.
The kobold hits you with a +0 club.
You hit the quokka but do no damage. The quokka barely misses you.
The kobold hits you with a +0 club. The quokka barely misses you.
The kobold attacks as you move away! The kobold hits you with a +0 club.
You are too injured to fight recklessly!
You are too injured to fight recklessly!
You are too injured to fight recklessly!
You are too injured to fight recklessly!
You are too injured to fight recklessly!
You closely miss the quokka. The quokka barely misses you.
You hit the quokka.
You kill the quokka!
The kobold misses you.
You see here a quokka corpse.
You closely miss the kobold. The kobold closely misses you.
You barely miss the kobold. The kobold hits you with a +0 club.
You hit the kobold.
The kobold is severely wounded.
The kobold hits you with a +0 club.
* * * LOW HITPOINT WARNING * * *
You barely miss the kobold.
The kobold is severely wounded.
The kobold hits you with a +0 club.
You die...

....### #....## #....#
##..<.# # ##.....# ###
..# ##...#...## ...
....###..#####..##.#
#........# #....####.
##.......######K@.......
#..........##..#######.
#..####........## ##
##....#..# ###..####
##.# ... #.## #.#


You could see a kobold.

Vanquished Creatures
  A quokka (D:1)
1 creature vanquished.

Notes
Turn   | Place    | Note
-------+----------+-------------------------------------------
     0 | D:1      | Mesmaeker13 the Demigod Reaver began the quest for the Orb.
     0 | D:1      | Reached XP level 1. HP: 17/17 MP: 5/5
    33 | D:1      | Slain by a kobold

Illustrated notes

Levels and vault maps discovered:
D:1:      dpeg_arrival_arbitrary_b, layout_loops_ring, minmay_split_cup_small

Action                     || total
---------------------------++-------
  Melee: Spear             ||    12
 Armour: Leather armour    ||     2
  Dodge: Dodged            ||     7
